 Dungeon Crawl Stone Soup version 0.32-a0-675-gdc239d62e1 (webtiles) character file.

Game seed: 15640969159851582609

90 mopl the Ruffian (level 4, -8/21 HPs)
             Began as a Djinni Shapeshifter on Mar 11, 2024.
             Mangled by Sigmund
             ... wielding a +0 scythe
              (10 damage)
             ... on level 2 of the Dungeon.
             The game lasted 00:01:15 (1339 turns).

mopl the Ruffian (Djinni Shapeshifter)              Turns: 1339, Time: 00:01:16

Health: -8/21      AC:  0    Str: 15    XL:     4   Next: 85%
Gold:   48         EV: 16    Int: 12    God:
                   SH:  0    Dex: 12

rFire   + +          .
                       - Unarmed
rCold   x . .        (shield currently unavailable)
rNeg    . . .        p - melded +3 leather armour
rPois   ∞            (no helmet)
rElec   .            (no cloak)
rCorr   .            (no gloves)
SInv    .            (boots unavailable)
Will    .....        (no amulet)
Stlth   +            (no ring)
HPRegen 0.23/turn    (no ring)
MPRegen 0.00/turn

%: infuse magic (-9 HP)
@: flux-form, flying, glowing
A: glow, contaminating, flying, reduced hp, sickness immunity, fire resistance
2, cold vulnerability 1, float, innate caster, HP casting, extra vitality 1
a: Begin Untransformation


You were on level 2 of the Dungeon.
You were something dangerously unstable.
You visited 1 branch of the dungeon, and saw 2 of its levels.

You collected 48 gold pieces.

Inventory:

Armour
 h - a +0 cloak
 p - a +3 leather armour (melded)
Talismans
 c - a beast talisman
 d - a flux talisman (active)
 g - a serpent talisman
 j - a blade talisman
Scrolls
 a - 2 scrolls of identify {unknown}
 e - a scroll of summoning {unknown}
 f - a scroll of immolation {unknown}
 n - a scroll of amnesia {unknown}
Potions
 b - a potion of lignification {!q}
 i - a potion of curing {unknown}
 k - 2 potions of haste {unknown}
 l - a potion of enlightenment {unknown}
 m - a potion of might {unknown}


   Skills:
 - Level 1.0 Fighting
 - Level 2.1 Dodging
 + Level 4.2 Unarmed Combat
 + Level 3.6 Shapeshifting


You knew the following spells:

 Your Spells              Type           Power      Damage    Failure   Level
a - Freeze                Ice            0%         1d3       32%         1
Your spell library was empty.

Dungeon Overview and Level Annotations

Branches:
Dungeon (2/15)

Altars:

Annotations:
D:2 Sigmund


Innate Abilities, Weirdness & Mutations

You are something dangerously unstable.
You glow with magical radiation, making you easy to see and hit.
Foes you strike become dangerously contaminated with magical radiation.
You are flying.
Your maximum health is decreased, since you lack skill for your form.
You are incapable of wielding weapons or throwing items.
You are immune to sickness and miasma.
You are immune to poison.
Your flesh is very heat resistant. (rF++)
You are vulnerable to cold. (rC-)
You float through the air rather than walking.
You learn spells naturally, not from books.
Your magical power is your life essence.
You have superior vitality. (+4 MHP)


Message History

Natasha growls in agony!
No target in view!
No target in view!
You now have 48 gold pieces (gained 12).
Found 5 stones.
Sigmund the Dreaded comes into view.
He is wielding a +0 scythe and carrying a wand of flame.
Sigmund shouts!
Sigmund zaps a wand.
The puff of flame misses you.
Unknown command.
There is an open door here.
You begin transforming.
You continue transforming. x2
Sigmund gestures at you while chanting. The magic dart hits you.
You continue transforming.
Sigmund hits you from afar with a +0 scythe!
Your transformation has ended.
You turn into something dangerously unstable.
Your +3 leather armour melds into your body.
Unknown command.
Sigmund hits you with a +0 scythe!
Ouch! That really hurt!
There is an open door here.
You barely miss Sigmund. Sigmund misses you.
You closely miss Sigmund. You hit Sigmund.
Sigmund begins to glow.
Sigmund is lightly wounded.
Sigmund hits you with a +0 scythe!
* * * LOW HITPOINT WARNING * * *
You barely miss Sigmund.
Sigmund is lightly wounded.
You hit Sigmund.
Sigmund glows dangerously bright.
Sigmund is moderately wounded.
Sigmund zaps a wand.
The puff of flame misses you.
You hit Sigmund but do no damage.
Sigmund shudders as magic cascades through him.
Sigmund twists and deforms.
Sigmund is moderately wounded.
Sigmund hits you with a +0 scythe!
You die...
Sigmund begins carving another notch in his scythe.

######.....##. #.## #.#
#.....##.##†# #.# ####
#.....##.##.#####.#
.....##########.#........#
........#######.#..#######
#.......##.....#..#####
#.....#.##.....#......#
#...(.#.##............#
#.....#.@p....>.#......#
#.....####....####.....#
#..@.. #....# #.....#
#..... #....# #.....#
#..... ###### #####.# .# #


You could see Sigmund (misshapen).

Vanquished Creatures
  Natasha (twice) (D:2)
  An adder (D:2)
  A dart slug (D:1)
  2 ball pythons (D:1)
  7 bats
  2 endoplasms
  A hobgoblin (D:2)
  2 kobolds
  2 quokkas
  A frilled lizard (D:2)
  4 goblins
  5 rats
30 creatures vanquished.

Notes
Turn   | Place    | Note
-------+----------+-------------------------------------------
     0 | D:1      | mopl the Djinni Shapeshifter began the quest for the Orb.
     0 | D:1      | Reached XP level 1. HP: 17/17 MP: 0/0
     5 | D:1      | Noticed an elephant
   157 | D:1      | Noticed an anaconda
   424 | D:1      | Reached XP level 2. HP: 19/22 MP: 0/0
   524 | D:1      | Reached skill level 3 in Shapeshifting
  1046 | D:2      | Reached XP level 3. HP: 26/27 MP: 0/0
  1046 | D:2      | Learned a level 1 spell: Freeze
  1064 | D:2      | Noticed Natasha
  1074 | D:2      | Killed Natasha
  1075 | D:2      | Reached XP level 4. HP: 20/32 MP: 0/0
  1141 | D:2      | Reached skill level 4 in Unarmed Combat
  1312 | D:2      | Noticed Natasha
  1317 | D:2      | Killed Natasha
  1321 | D:2      | Noticed Sigmund
  1336 | D:2      | HP: 1/21 [Sigmund/+0 scythe (10)]
  1339 | D:2      | Mangled by Sigmund

Illustrated notes

Levels and vault maps discovered:
D:1:      sevenhm_arrival_forest_fort_small_2, layout_loops_corners,
          minmay_tall_x
D:2:      layout_basic, uniq_natasha, uniq_sigmund

Skill      XL: |  1  2  3  4 |
---------------+-------------+-----
Shapeshifting  | 3 |  3.6
Unarmed Combat | 4 |  4.2
Fighting       | |  1.0
Dodging        | |  2.1

Action                     |  1- 3 |  4- 6 || total
---------------------------+-------+-------++-------
  Melee: Unarmed           |    53 |    33 ||    86
         Punch             |     3 |     1 ||     4
   Stab: Sleeping          |     1 |     2 ||     3
 Armour: Animal skin       |    23 |       ||    23
         Leather armour    |     7 |    12 ||    19
         Skin              |       |     3 ||     3
  Dodge: Dodged            |    33 |    19 ||    52
   Form: Flux              |       |     1 ||     1

Table legend: (Time is in decaauts)
 A = Elapsed time spent in this place.
 B = Non-inter-level travel time spent in this place.
 C = Inter-level travel time spent in this place.
 D = Time resting spent in this place.
 E = Time spent auto-exploring this place.
 F = Levels seen in this place.
 G = Mean time per level.
                   A        B        C        D        E       F      G
               +--------+--------+--------+--------+--------+-----+--------+
         Total |   1339 |   1277 |     62 |     47 |    991 |   2 |  669.5 |
       Dungeon |   1339 |   1277 |     62 |     47 |    991 |   2 |  669.5 |
               +--------+--------+--------+--------+--------+-----+--------+

Top non-repeatable levels by time:
     D:1: 1013 daAuts
     D:2: 325 daAuts
